Map: Catalyst LE

Players

Isaac - Winner!

  • Race: Zerg Zerg
  • Spawn Location: 5:00

mLty

  • Race: Terran Terran
  • Spawn Location: 11:00

Event: WCS Austin 2018

VOD

Have the link to the VOD?

Description

Time

  • Played on: June 1, 2018, 2:03 p.m.
  • Length: 10:36

All games in this series

Show
View Real Time Build Order
Export as new Build Order

Isaac Zerg - Winner!

Build Orders: Hatch First, Muta Ling Bane 

Get SALT Encoding   

  12  0:01  Drone  
  13  0:12  Overlord  
  13  0:16  Drone  
  14  0:34  Drone x2  
  16  0:38  Drone  
  17  0:55  Hatchery  
  16  0:57  Drone  
  16  1:00  Drone  
  18  1:05  Extractor  
  17  1:18  Spawning Pool, Drone  
  16  1:21  Drone  
  18  1:32  Drone  
  19  1:39  Overlord  
  19  2:04  Queen  
  19  2:05  Zergling x4  
  19  2:07  Queen, Metabolic Boost  
  25  2:17  Drone x2  
  27  2:28  Drone x2  
  29  2:40  Queen  
  29  2:43  Drone, Queen  
  34  2:46  Overlord  
  34  2:51  Drone x2  
  36  3:13  Drone x8  
  36  3:17  Overlord  
  44  3:32  Overlord  
  44  3:35  Queen  
  44  3:40  Hatchery  
  45  3:42  Drone x2  
  45  3:47  Zergling x2  
  45  3:48  Zergling x6  
  51  3:51  Overlord  
  51  3:58  Lair, Extractor  
  49  4:04  Evolution Chamber  
  49  4:05  Evolution Chamber  
  49  4:06  Zergling x4  
  48  4:17  Overlord, Drone  
  48  4:18  Drone x3  
  52  4:25  Drone  
  52  4:26  Drone x2  
  55  4:37  Drone x4  
  59  4:42  Spore Crawler x2, Extractor  
  56  4:52  Queen  
  58  4:53  Drone  
  58  4:54  Drone x5  
  64  5:02  Extractor  
  63  5:08  Drone x3, Spire  
  63  5:10  Overlord  
  65  5:17  Drone  
  66  5:23  Overlord  
  66  5:32  Drone  
  66  5:33  Drone x4  
  66  5:35  Drone x3  
  74  5:36  Overlord x2  
  74  5:48  Baneling Nest, Zerg Melee Weapons Level 1  
  74  5:49  Zerg Ground Armor Level 1  
  73  5:54  Zergling x10  
  78  6:05  Overlord x2  
  78  6:06  Zergling x2  
  78  6:07  Zergling x12  
  85  6:14  Drone  
  85  6:15  Drone x3  
  85  6:17  Extractor  
  88  6:20  Extractor  
  88  6:22  Zerg Flyer Weapons Level 1  
  88  6:24  Drone x3  
  88  6:25  Drone x2  
  92  6:39  Overlord  
  92  6:40  Drone x2  
  93  6:47  Mutalisk x6  
  93  6:48  Mutalisk  
  93  6:50  Mutalisk  
  93  6:53  Mutalisk  
  111  7:09  Mutalisk x2  
  111  7:10  Hatchery  
  111  7:11  Overlord x3  
  114  7:23  Centrifical Hooks  
  114  7:24  Baneling  
  114  7:25  Baneling x5  
  114  7:28  Zergling x2  
  114  7:29  Zergling x18  
  124  7:44  Mutalisk x3  
  124  7:46  Overlord x2  
  124  7:47  Zergling x10  
  135  7:56  Hatchery  
  134  8:07  Zergling x16  
  142  8:15  Mutalisk  
  144  8:23  Mutalisk x2  
  144  8:24  Mutalisk x2  
  144  8:25  Zergling x16  
  156  8:43  Infestation Pit  
  156  8:44  Drone x6  
  161  8:56  Baneling x8  
  161  8:58  Overseer  
  161  9:00  Overlord x4  
  161  9:09  Drone x2  
  163  9:10  Overlord x2  
  163  9:13  Zergling x8  
  167  9:26  Zergling x20  
  177  9:35  Baneling x11  
  177  9:36  Baneling x2  
  177  9:52  Baneling  
  177  9:53  Baneling x15  
  177  9:54  Zergling x16  
  177  9:55  Zergling x2  
  165  10:18  Zergling x18  
  165  10:19  Zergling x8  
Show
View Real Time Build Order
Export as new Build Order

mLty Terran 

Build Orders: Hellion Opening, Reaper Expand 

Get SALT Encoding   

  12  0:00  SCV  
  13  0:13  SCV  
  14  0:17  Supply Depot  
  14  0:25  SCV  
  15  0:28  Refinery  
  15  0:30  Refinery  
  15  0:38  SCV  
  16  0:48  Barracks  
  16  0:51  SCV  
  17  1:03  SCV  
  18  1:15  SCV  
  19  1:35  Orbital Command, Reaper  
  20  1:44  Command Center  
  20  1:55  Factory  
  20  2:01  SCV  
  21  2:05  Refinery  
  21  2:09  Barracks Reactor  
  21  2:15  SCV  
  22  2:17  Supply Depot  
  22  2:27  SCV  
  23  2:39  SCV  
  23  2:42  Starport  
  24  2:54  Barracks Tech Lab  
  24  2:55  Hellion x2  
  24  2:57  SCV  
  29  3:00  Orbital Command  
  29  3:10  SCV  
  30  3:16  Hellion x2  
  35  3:36  Viking  
  35  3:37  Barracks Tech Lab  
  35  3:38  Hellion x2  
  39  3:44  SCV x2  
  41  3:49  Supply Depot  
  41  3:56  SCV x2  
  41  4:13  Supply Depot  
  41  4:14  Raven  
  41  4:15  Hellion  
  41  4:16  Hellion  
  47  4:18  Marine  
  47  4:19  Stimpack  
  47  4:20  SCV x2  
  50  4:37  SCV x2  
  52  4:43  Command Center  
  52  4:47  Marine  
  53  4:57  Barracks x2  
  53  4:58  Factory Reactor  
  53  5:07  SCV  
  53  5:08  SCV  
  53  5:09  Starport Reactor  
  53  5:10  Marine, Supply Depot  
  56  5:17  Refinery  
  56  5:19  SCV  
  56  5:20  Engineering Bay, SCV  
  58  5:22  Engineering Bay  
  56  5:31  Marine  
  56  5:32  SCV x2  
  59  5:39  Supply Depot  
  59  5:44  Marine, SCV x2  
  59  5:45  Marine  
  63  5:56  Marine x2, SCV x2  
  63  5:57  Marine  
  67  5:58  Medivac, Siege Tank  
  67  5:59  Medivac  
  67  6:02  Terran Infantry Armor Level 1  
  75  6:05  Terran Infantry Weapons Level 1  
  75  6:08  SCV x2  
  75  6:11  Supply Depot  
  77  6:13  Marine x2  
  77  6:14  Marine  
  77  6:15  Refinery  
  80  6:22  SCV x2  
  78  6:34  Marine x3  
  78  6:35  Orbital Command  
  81  6:41  Supply Depot  
  81  6:43  SCV x2  
  83  6:55  Armory, Marine x5  
  83  6:56  Supply Depot  
  83  6:57  Supply Depot  
  88  7:02  Bunker  
  88  7:03  Supply Depot  
  88  7:13  Marine  
  89  7:18  Marine  
  89  7:19  Supply Depot, Medivac x2, Marine x3  
  89  7:20  Siege Tank  
  100  7:23  SCV x2  
  102  7:31  Marine  
  102  7:35  Refinery  
  93  7:37  Missile Turret  
  93  7:43  Terran Vehicle Weapons Level 1  
  85  7:45  Missile Turret  
  85  7:46  Missile Turret  
  85  7:47  Marine  
  85  7:48  Marine x3, Missile Turret  
  85  7:49  Marine  
  85  7:50  Medivac x2  
  92  7:55  SCV x3  
  92  7:58  Terran Infantry Armor Level 2  
  95  8:05  Marine x2  
  93  8:11  Thor  
  89  8:21  Marine x3  
  89  8:24  Barracks  
  89  8:26  Barracks  
  91  8:39  Missile Turret  
  91  8:40  Missile Turret  
  87  8:41  Marine x5  
  87  8:44  Missile Turret  
  87  8:45  Medivac x2  
  96  8:52  Supply Depot  
  96  8:54  Thor  
  102  8:59  Marine x2, Factory  
  102  9:01  SCV x3  
  107  9:13  SCV x3  
  110  9:19  Marine x3  
  110  9:20  Barracks Reactor x2  
  110  9:23  Medivac, Marine  
  110  9:24  Marine  
  116  9:34  SCV  
  116  9:35  SCV x2  
  116  9:37  Marine  
  120  9:39  Thor  
  126  9:46  Supply Depot  
  126  9:47  SCV x3  
  129  9:59  SCV x3  
  132  10:04  Marine x9  
  104  10:19  SCV x3  
  94  10:22  Factory Tech Lab  
  94  10:28  Command Center  
Tags
 
Add a new tag
Caveats
  • Supply blocks, unpowered buildings, or Contaminate may cause inaccurate times.
  • Supply counts are checked every 10 seconds.